 Dungeon Crawl Stone Soup version 0.22.1-6-g1668fe2 (webtiles) character file.

2389 brainwave the Blocker (level 9, -2/75 HPs)
             Began as a Minotaur Fighter on Jan 27, 2019.
             Was a Believer of Elyvilon.
             Killed by nerve-wracking pain
             ... invoked by Menkaure
              (5 damage)
             ... on level 7 of the Dungeon.
             The game lasted 01:29:55 (8230 turns).

brainwave the Blocker (Minotaur Fighter)            Turns: 8230, Time: 01:29:56

Health: -2/75      AC:  8    Str: 22 (23) XL:     9   Next: 22%
Magic:  8/8        EV: 12    Int:  3 (5)  God:    Elyvilon [**....]
Gold:   300        SH: 11    Dex:  9 (11) Spells: 8/8 levels left

rFire    + . .     SeeInvis .   y - -1 dagger (curse)
rCold    + . .     Gourm    .   c - +0 shield
rNeg     . . .     Faith    .   j - +0 ring mail
rPois    +         Spirit   .   (helmet restricted)
rElec    +         Reflect  .   (no cloak)
rCorr    +         Harm     .   l - +1 pair of gloves
MR       .....                  (no boots)
Stlth    +.........             A - amulet of magic regeneration
HPRegen  0.22/turn              (no ring)
MPRegen  0.36/turn              (no ring)

@: resistant
A: retaliatory headbutt, horns 2
a: Lesser Healing, Heal Other, Divine Protection, Renounce Religion


You were on level 7 of the Dungeon.
You worshipped Elyvilon.
Elyvilon was pleased with you.
You were not hungry.

You visited 1 branch of the dungeon, and saw 7 of its levels.

You collected 300 gold pieces.

Inventory:

Hand Weapons
 a - a +0 war axe
 d - a +2 whip of freezing
 e - a +2 flail of crushing
 k - a +0 spear
 o - a +0 dagger
 s - a +2 vampiric short sword
 u - a +0 flail
 w - a +0 mace
 y - a cursed -1 dagger (weapon)
 C - a +0 spear
 F - a +0 halberd
 H - a +0 war axe
 K - a +0 scythe
 M - a +0 dire flail
 Q - a +0 shortbow
 S - a +2 vampiric dagger
Missiles
 x - 52 bolts
 O - 2 tomahawks of dispersal (quivered)
 R - 16 arrows
Armour
 b - a +0 scale mail
 c - a +0 shield (worn)
 j - a +0 ring mail (worn)
 l - a +1 pair of gloves (worn)
 n - a +0 ring mail
 p - a cursed +0 robe
 q - a +0 chain mail
 t - a +0 ring mail
 z - a +0 chain mail
 D - a +2 cloak
 J - a cursed -2 chain mail
 L - a cursed +0 chain mail
Jewellery
 A - an amulet of magic regeneration (around neck)
Wands
 T - a wand of random effects (30)
Scrolls
 g - 2 scrolls of remove curse {unknown}
 h - 5 scrolls of identify {unknown}
 i - 2 scrolls of fear {unknown}
 m - 2 scrolls of teleportation {unknown}
 r - 3 scrolls of magic mapping {unknown}
 v - a scroll of immolation {unknown}
 B - 3 scrolls of amnesia {unknown}
 I - 2 scrolls of enchant weapon {unknown}
Comestibles
 f - 8 rations


   Skills:
 + Level 5.7 Fighting
 + Level 5.7 Short Blades
 + Level 4.8 Axes
 + Level 7.0 Armour
 + Level 5.4 Dodging
 + Level 2.3 Stealth
 + Level 8.2 Shields


You had 8 spell levels left.
You didn't know any spells.
Your spell library was empty.

Dungeon Overview and Level Annotations

Branches:
Dungeon (7/15)
 Temple: D:4-7

Altars:
Ashenzari
Cheibriados
Elyvilon
Gozag
Kikubaaqudgha
Uskayaw
Vehumet
Xom

Annotations:
D:7 Menkaure


Innate Abilities, Weirdness & Mutations

You reflexively headbutt those who attack you in melee.
You have a pair of horns on your head.


Message History

You feel much better.
Menkaure calls on the powers of darkness!
Your body is wracked with pain!
* * * LOW HITPOINT WARNING * * *
You aren't carrying any potions.
Menkaure casts a spell at you.
You struggle to resist.
Menkaure hits you!
* * * LOW HITPOINT WARNING * * *
Menkaure calls on the powers of darkness!
You feel a surge of unholy energy.
Menkaure calls on the powers of darkness!
You feel a surge of unholy energy.
Menkaure calls on the powers of darkness!
You feel a surge of unholy energy.
Menkaure calls on the powers of darkness!
You feel a surge of unholy energy.
Menkaure gestures at you while chanting.
Pain shoots through your body!
You die...

#..##'###.......#..........
#..##..##########..........
#..#...#...................
#..'...'...................
#..##'##...................
#..#.........M.............
#..#.........#########.....
#..#.........# #.....
#..#......@..# #.....
#..#....##'### #.....
#..'....#...# #.....
#..#....#...# #.....
##'##....#...# .....
#........'...#
#........#...#
#........#...#
#........#....#


You could see Menkaure.

Vanquished Creatures
  Pikel (D:4)
  Sigmund (D:5)
  Eustachio (D:4)
  Edmund (D:4)
  2 sky beasts
  A phantom (D:5)
  2 ogres
  A centaur (D:6)
  2 big kobolds (D:6)
  A bullfrog (D:7)
  Blork the orc (D:5)
  A scorpion (D:7)
  A crimson imp (D:7)
  4 hounds
  A centaur zombie (D:7)
  A jelly (D:7)
  An orc wizard (D:5)
  2 orc priests
  Ijyb (D:4)
  An iguana (D:6)
  A worker ant (D:7)
  A hound zombie (D:7)
  Robin (D:4)
  7 adders
  4 gnolls (D:4)
  2 oozes
  An adder zombie (D:5)
  An adder skeleton (D:5)
  3 worms
  3 dart slugs
  3 leopard geckos
  15 orcs
  2 ball pythons
  9 bats
  5 giant cockroaches
  15 goblins
  5 hobgoblins
  6 jackals
  11 kobolds
  2 quokkas (D:7)
  6 frilled lizards
  A quokka skeleton (D:5)
  A quokka zombie (D:5)
  7 rats
  35 plants
  2 withered plants (D:5)
176 creatures vanquished.

Notes
Turn   | Place    | Note
-------+----------+-------------------------------------------
     0 | D:1      | brainwave the Minotaur Fighter began the quest for the Orb.
     0 | D:1      | Reached XP level 1. HP: 19/19 MP: 0/0
   146 | D:1      | Reached XP level 2. HP: 24/27 MP: 1/1
   226 | D:1      | Reached skill level 4 in Shields
   383 | D:1      | Reached XP level 3. HP: 30/33 MP: 2/2
   699 | D:2      | Found a shattered altar of Ashenzari.
   839 | D:2      | Reached skill level 1 in Dodging
  1002 | D:2      | Reached XP level 4. HP: 36/40 MP: 3/3
  2251 | D:2      | Found a faded altar of an unknown god.
  2287 | D:2      | Became a worshipper of Uskayaw the Reveler
  2287 | D:2      | Reached * piety under Uskayaw
  2940 | D:3      | Paralysed by fainting for 7 turns
  3001 | D:2      | Paralysed by fainting for 5 turns
  3343 | D:5      | Entered Level 5 of the Dungeon
  3378 | D:6      | Noticed Eustachio
  3388 | D:4      | Reached ** piety under Uskayaw
  3390 | D:4      | Reached *** piety under Uskayaw
  3393 | D:4      | Reached **** piety under Uskayaw
  3401 | D:4      | Noticed Edmund
  3406 | D:4      | Killed Eustachio
  3406 | D:4      | Reached XP level 5. HP: 26/46 MP: 4/4
  3414 | D:4      | Killed Edmund
  3414 | D:4      | Reached skill level 1 in Short Blades
  3414 | D:4      | Reached skill level 5 in Armour
  3414 | D:4      | Reached skill level 1 in Stealth
  3414 | D:4      | Reached skill level 5 in Shields
  3414 | D:4      | Reached XP level 6. HP: 25/52 MP: 5/5
  3414 | D:4      | Reached ***** piety under Uskayaw
  4210 | D:4      | Noticed Pikel
  4214 | D:4      | Noticed a slave
  4250 | D:4      | Noticed a slave
  4282 | D:4      | Noticed a slave
  4286 | D:4      | Killed Pikel
  4286 | D:4      | Reached skill level 6 in Shields
  4286 | D:4      | Reached XP level 7. HP: 28/60 MP: 6/6
  5018 | D:4      | Reached XP level 8. HP: 65/67 MP: 7/7
  5183 | D:4      | Noticed Robin
  5218 | D:4      | Reached skill level 5 in Fighting
  5224 | D:4      | Killed Robin
  5248 | D:4      | Found a white marble altar of Elyvilon.
  5258 | D:4      | Fell from the grace of Uskayaw
  5258 | D:4      | Became a worshipper of Elyvilon the Healer
  5316 | D:4      | Found a radiant altar of Vehumet.
  5321 | D:4      | Noticed Ijyb
  5331 | D:4      | Paralysed by Ijyb for 7 turns
  5369 | D:4      | Killed Ijyb
  6022 | D:5      | Found an ancient bone altar of Kikubaaqudgha.
  6072 | D:5      | Reached * piety under Elyvilon
  6148 | D:5      | Reached skill level 7 in Shields
  6170 | D:5      | Noticed Sigmund
  6217 | D:5      | Killed Sigmund
  6317 | D:5      | Noticed Blork the orc
  6331 | D:5      | Killed Blork the orc
  7367 | D:6      | Found an opulent altar of Gozag.
  7367 | D:6      | Found a snail-covered altar of Cheibriados.
  7383 | D:6      | Reached ** piety under Elyvilon
  7423 | D:6      | Reached skill level 5 in Short Blades
  7474 | D:6      | Reached skill level 5 in Dodging
  7474 | D:6      | Reached XP level 9. HP: 74/74 MP: 8/8
  7664 | D:7      | Reached skill level 8 in Shields
  7838 | D:7      | Found a shimmering altar of Xom.
  8179 | D:7      | Noticed Menkaure
  8213 | D:7      | HP: 3/75 [Menkaure (19)]
  8217 | D:7      | HP: 1/75 [Menkaure (12)]
  8230 | D:7      | Killed from afar by Menkaure

Skill      XL: |  1  2  3  4  5  6  7  8  9 |
---------------+----------------------------+-----
Shields        | 4 5 6 7 8 |  8.2
Armour         | 4 5 6 7 |  7.0
Axes           | 3 4 |  4.8
Dodging        | 1 2 3 5 |  5.4
Fighting       | 4 5 |  5.7
Short Blades   | 1 3 5 |  5.7
Stealth        | 1 2 |  2.3

Action                   |  1- 3 |  4- 6 |  7- 9 || total
-------------------------+-------+-------+-------++-------
Melee: War axe           |   101 |   230 |       ||   331
       Headbutt          |    22 |   354 |   137 ||   513
       Dagger            |       |   925 |   591 ||  1516
  Use: Potion            |       |     5 |     8 ||    13
       Scroll            |       |     1 |       ||     1
 Stab: Paralysed         |       |     1 |     2 ||     3
  Eat: Ration            |     1 |     4 |     3 ||     8
       Chunk             |       |       |     1 ||     1
Armor: Scale mail        |    36 |       |       ||    36
       Ring mail         |    16 |    82 |   113 ||   211
Dodge: Dodged            |    44 |    78 |   134 ||   256
Block: Shield            |    45 |   107 |   209 ||   361
